 Dungeon Crawl Stone Soup version 0.29-a0-995-g8a7feb118f (webtiles) character file.

Game seed: 18314849700688558483

348 Asher535 the Trooper (level 6, -3/56 HPs)
             Began as a Hill Orc Fighter on Aug 3, 2022.
             Slain by an ogre
             ... wielding a +0 giant club
              (9 damage)
             ... on level 4 of the Dungeon.
             The game lasted 00:07:05 (3849 turns).

Asher535 the Trooper (Hill Orc Fighter)             Turns: 3849, Time: 00:07:06

Health: -3/56      AC:  9    Str: 21    XL:     6   Next: 60%
Magic:  6/6        EV:  9    Int:  8    God:
Gold:   265        SH:  4    Dex: 10    Spells: 5/5 levels left

rFire   . . .      SeeInvis .   r - +2 morningstar (holy)
rCold   . . .      Faith    .   c - +0 buckler
rNeg    . . .      Spirit   .   b - +0 scale mail
rPois   .          Reflect  .   (no helmet)
rElec   .          Harm     .   A - +0 cloak
rCorr   .          Rampage  .   (no gloves)
Will    .....                   h - +0 pair of boots
Stlth   ..........              (no amulet)
HPRegen 0.18/turn               (no ring)
MPRegen 0.10/turn               (no ring)

@: no status effects
A: no striking features
a: no special abilities


You were on level 4 of the Dungeon.
You visited 1 branch of the dungeon, and saw 4 of its levels.

You collected 265 gold pieces.

Inventory:

Hand Weapons
 a - a +0 war axe
 r - a +2 morningstar of holy wrath (weapon)
 y - a +1 halberd of protection
Missiles
 g - 29 poisoned darts (quivered)
Armour
 b - a +0 scale mail (worn)
 c - a +0 buckler (worn)
 h - a +0 pair of boots (worn)
 A - a +0 cloak (worn)
Jewellery
 q - a ring of magical power
Wands
 w - a wand of mindburst (1)
 x - a wand of iceblast (5)
 z - a wand of flame (40)
Scrolls
 e - a scroll of identify
 j - a scroll of immolation {unknown}
 k - a scroll of vulnerability {unknown}
 n - 3 scrolls of brand weapon {unknown}
 s - a scroll of fear {unknown}
 v - a scroll of teleportation {unknown}
Potions
 d - 2 potions of might
 f - a potion of berserk rage {unknown}
 i - 3 potions of curing
 l - a potion of attraction {unknown}
 m - 2 potions of cancellation {unknown}
 o - a potion of haste {unknown}
 p - a potion of flight {unknown}
 t - a potion of lignification {unknown}
 u - a potion of brilliance {unknown}


   Skills:
 + Level 5.2 Fighting
 - Level 4.5(4.8) Axes
 + Level 1.4(2.8) Maces & Flails
 + Level 4.8 Armour
 + Level 4.8 Shields


You had 5 spell levels left.
You didn't know any spells.
Your spell library contained the following spells:

 Spells                   Type           Power      Damage    Failure   Level
 Ozocubu's Armour         Ice            0%         N/A       99%         3
 Ozocubu's Refrigeration  Ice            0%         4d7       100%        7


Dungeon Overview and Level Annotations

Branches:
Dungeon (4/15)
 Temple: D:4-7

Altars:
Kikubaaqudgha
Vehumet

Annotations:
D:3 3 runed translucent doors, nmsoi's ghost, amateur MiFi
D:4 Eustachio


Message History

Things that are here:
an iguana corpse; a hobgoblin corpse You start resting.
HP restored.
There is an open door here.
Things that are here:
an iguana corpse; a hobgoblin corpse
Found 9 gold pieces.
Found a trident.
Found 10 gold pieces.
An ogre comes into view. It is wielding a +0 giant club.
A scorpion comes into view.
You see here 10 gold pieces.
You hit the ogre.
The ogre is lightly wounded.
The ogre hits you with a +0 giant club!
You bludgeon the ogre!!
The ogre is severely wounded.
The scorpion stings you but does no damage.
The ogre barely misses you.
The scorpion stings you but does no damage.
You barely miss the ogre.
The ogre is severely wounded.
The ogre closely misses you. The scorpion barely misses you.
The scorpion closely misses you.
You hit the ogre.
The ogre is severely wounded.
The ogre hits you with a +0 giant club!!
Ouch! That really hurt!
* * * LOW HITPOINT WARNING * * *
The scorpion stings you.
* * * LOW HITPOINT WARNING * * *
You barely miss the ogre.
The ogre is severely wounded.
The scorpion closely misses you. The ogre hits you with a +0 giant club!
* * * LOW HITPOINT WARNING * * *
The scorpion stings you but does no damage.
The scorpion attacks as you move away! The scorpion barely misses you.
The ogre attacks as you move away! The ogre hits you with a +0 giant club!
You die...

#..............
#..............
#..............
#...............
#...s...........
#$........
#....)....
#Os.......
#@........
#.........
#.....#...
##......$.
#...#._.#. #.
#......... #.
#.....#... #.
#......... #.
#######......?..
#.


You could see an ogre and a scorpion.

Vanquished Creatures
  Sigmund (D:2)
  Crazy Yiuf (D:3)
  Ijyb (D:3)
  An iguana (D:4)
  4 adders
  A worm (D:3)
  2 dart slugs (D:4)
  2 orcs (D:3)
  10 bats
  6 endoplasms
  3 giant cockroaches
  6 goblins
  6 hobgoblins
  7 jackals
  7 ball pythons
  5 frilled lizards
  6 kobolds
  6 rats
75 creatures vanquished.

Vanquished Creatures (others)
  A human (D:3)
  2 demonic plants (D:2)
3 creatures vanquished.

Grand Total: 78 creatures vanquished

Notes
Turn   | Place    | Note
-------+----------+-------------------------------------------
     0 | D:1      | Asher535 the Hill Orc Fighter began the quest for the Orb.
     0 | D:1      | Reached XP level 1. HP: 19/19 MP: 1/1
   167 | D:1      | Reached XP level 2. HP: 27/27 MP: 2/2
   853 | D:1      | Reached skill level 4 in Fighting
   945 | D:1      | Reached XP level 3. HP: 29/33 MP: 3/3
  1255 | D:2      | Noticed Sigmund
  1278 | D:2      | Killed Sigmund
  1279 | D:2      | Reached XP level 4. HP: 7/41 MP: 4/4
  1279 | D:2      | Reached XP level 5. HP: 8/47 MP: 5/5
  2212 | D:2      | Found a faded altar of an unknown god.
  2212 | D:2      | Noticed a smoke demon
  2374 | D:3      | Noticed nmsoi's ghost (amateur MiFi)
  2412 | D:3      | Noticed Ijyb
  2427 | D:3      | Killed Ijyb
  2428 | D:3      | Reached skill level 5 in Fighting
  2428 | D:3      | Reached XP level 6. HP: 32/56 MP: 6/6
  2572 | D:3      | Found a runed translucent gate.
  2572 | D:3      | Found a runed translucent gate.
  2572 | D:3      | Found a runed translucent gate.
  2603 | D:3      | Found an ancient bone altar of Kikubaaqudgha.
  2604 | D:3      | Noticed a human
  2606 | D:3      | Killed a human
  2775 | D:3      | Reached skill level 1 in Maces & Flails
  3134 | D:3      | Found a runed translucent door.
  3135 | D:3      | Noticed Crazy Yiuf
  3200 | D:3      | Killed Crazy Yiuf
  3638 | D:4      | Noticed Eustachio
  3661 | D:4      | Found a radiant altar of Vehumet.
  3849 | D:4      | Slain by an ogre

Illustrated notes

Levels and vault maps discovered:
D:1:      sevenhm_arrival_forest_fort_small_4, layout_basic
D:2:      layout_loops_ring, dreamdust_ecumenical_altar_sealed_demon,
          minmay_hexomino_p4, uniq_sigmund
D:3:      minmay_octagon_keep, layout_loops_ring, tgw_kikubaaqudgha,
          gammafunk_ghost_icy, st_stairs_9, uniq_crazy_yiuf_cottage, uniq_ijyb
D:4:      layout_basic, vehumet_altar_wand_db, uniq_eustachio, uniq_pikel

Skill      XL: |  1  2  3  4  5  6 |
---------------+-------------------+-----
Axes           | 3 4 |  4.5
Fighting       | 4 5 |  5.2
Armour         | 4 |  4.8
Shields        | 4 |  4.8
Maces & Flails | 1 |  1.4

Action                   |  1- 3 |  4- 6 || total
-------------------------+-------+-------++-------
Melee: War axe           |    89 |    34 ||   123
       Morningstar       |       |   120 ||   120
Throw: Dart              |       |     4 ||     4
  Use: Scroll            |       |     1 ||     1
       Potion            |       |     1 ||     1
Armor: Scale mail        |    54 |    69 ||   123
Dodge: Dodged            |    52 |    87 ||   139
Block: Buckler           |    21 |    36 ||    57

Table legend: (Time is in decaauts)
 A = Elapsed time spent in this place.
 B = Non-inter-level travel time spent in this place.
 C = Inter-level travel time spent in this place.
 D = Time resting spent in this place.
 E = Time spent auto-exploring this place.
 F = Levels seen in this place.
 G = Mean time per level.
                   A        B        C        D        E       F      G
               +--------+--------+--------+--------+--------+-----+--------+
         Total |   3942 |   3857 |     85 |    625 |   2503 |   4 |  985.5 |
       Dungeon |   3942 |   3857 |     85 |    625 |   2503 |   4 |  985.5 |
               +--------+--------+--------+--------+--------+-----+--------+

Top non-repeatable levels by time:
     D:3: 1434 daAuts
     D:2: 1167 daAuts
     D:1: 1143 daAuts
     D:4: 197 daAuts
